 Dungeon Crawl Stone Soup version 0.29-a0-1027-gcd8c55af63 (webtiles) character file.

Game seed: 6925170850719909240

20770 wingedge the Carver (level 13, -18/103 HPs)
             Began as a Human Wanderer on Aug 13, 2022.
             Was a Priest of Sif Muna.
             Demolished by a catoblepas (22 damage)
             ... on level 2 of the Lair of Beasts.
             The game lasted 01:08:07 (18745 turns).

wingedge the Carver (Human Wanderer)               Turns: 18745, Time: 01:08:08

Health: -18/103    AC: 13    Str: 15    XL:     13   Next: 14%
Magic:  6/13       EV: 18    Int: 15    God:    Sif Muna [***...]
Gold:   437        SH:  5    Dex: 15    Spells: 10/24 levels left

rFire   . . .      SeeInvis .   (weapon currently unavailable)
rCold   . . .      Faith    .   (shield currently unavailable)
rNeg    . . .      Spirit   .   (body armour currently unavailable)
rPois   ∞          Reflect  +   (helmet currently unavailable)
rElec   +          Harm     .   (cloak currently unavailable)
rCorr   +          Rampage  .   (gloves currently unavailable)
Will    .....                   (boots currently unavailable)
Stlth   +.........              g - amulet "Keimody" {Reflect rCorr MP-9 Str+5 Int-3 SH+5}
HPRegen 0.27/turn               N - ring of flight
MPRegen 0.13/turn               x - ring of poison resistance

@: about to teleport, storm-form, weak-willed, blinkbolt cooldown, flying
A: cleaving, insubstantial, flying
a: Blinkbolt, End Transformation, Renounce Religion, Channel Magic, Forget Spell


You were on level 2 of the Lair of Beasts.
You worshipped Sif Muna.
Sif Muna was most pleased with you.
You were a lightning-filled tempest!
You visited 3 branches of the dungeon, and saw 14 of its levels.
You also visited: Sewer.

You collected 857 gold pieces.
You spent 420 gold pieces at shops.

Inventory:

Hand Weapons
 a - the +7 falchion of Jymyfopp (melded) {elec, Int+6}
   (You bought it in a shop on level 9 of the Dungeon)

   It occasionally discharges a powerful burst of electricity upon striking a
   foe.
   Int:       It affects your intelligence (+6).
 E - a +4 long sword of protection
Missiles
 u - 4 javelins
 B - 5 curare-tipped darts
 O - a throwing net
Armour
 b - a +0 buckler (melded)
 m - a scarf of shadows (melded)
 q - a +1 ring mail of fire resistance
 w - the +1 robe "Raageo Bugu" (melded) {Dex+7}
   (You found it on level 11 of the Dungeon)

   Dex:       It affects your dexterity (+7).
 y - a +0 helmet (melded)
 I - a +2 pair of boots (melded)
 Y - +0 acid dragon scales
 Z - a +1 scale mail of positive energy
Magical Staves
 W - a staff of earth
Jewellery
 f - an amulet of magic regeneration
 g - the amulet "Keimody" (around neck) {Reflect rCorr MP-9 Str+5 Int-3 SH+5}
   (You found it on level 4 of the Dungeon)

   [amulet of reflection]

   It reflects blocked missile attacks.
   Str:       It affects your strength (+5).
   Int:       It affects your intelligence (-3).
   MP:        It affects your magic capacity (-9).
   rCorr:     It protects you from acid and corrosion.
   SH:        It affects your SH (+5).
 j - a +4 ring of slaying
 o - a ring of protection from fire
 x - a ring of poison resistance (right fist)
 G - a +6 ring of strength
 J - an amulet of faith
 L - a +4 ring of evasion
 N - a ring of flight (left fist)
Wands
 t - a wand of acid (14)
 v - a wand of paralysis (13)
 M - a wand of flame (13)
 X - a wand of digging (3)
Scrolls
 h - 3 scrolls of fog
 k - a scroll of amnesia {unknown}
 s - 5 scrolls of magic mapping
 C - a scroll of blinking {unknown}
 D - 3 scrolls of teleportation
 F - 2 scrolls of vulnerability
 K - 2 scrolls of poison {unknown}
 Q - 2 scrolls of immolation {unknown}
 S - 2 scrolls of silence {unknown}
 U - 2 scrolls of enchant weapon {unknown}
Potions
 c - 3 potions of attraction
 d - 4 potions of lignification {unknown}
 i - a potion of resistance {unknown}
 l - 3 potions of haste {unknown}
 p - 6 potions of mutation
 z - 7 potions of curing
 A - 2 potions of might {unknown}
 H - a potion of magic {unknown}
 P - 2 potions of cancellation {unknown}
 R - a potion of flight {unknown}
Miscellaneous
 T - a lightning rod (4/4)


   Skills:
 + Level 9.9 Fighting
 - Level 10.0 Long Blades
 - Level 3.0 Staves
 - Level 5.0 Armour
 - Level 7.0 Dodging
 - Level 3.0 Shields
 - Level 6.0 Spellcasting
 - Level 3.0 Conjurations
 - Level 3.0 Translocations
 + Level 6.4 Transmutations
 + Level 2.3 Ice Magic
 - Level 5.0 Air Magic
 - Level 4.0 Invocations
 - Level 4.0 Evocations


You had 10 spell levels left.
You knew the following spells:

 Your Spells              Type           Power      Damage    Failure   Level
a - Shock                 Conj/Air       64%        1d7       2%          1
b - Wereblood             Tmut           23%        N/A       1%          2
c - Swiftness             Air            19%        N/A       5%          3
d - Passwall              Tmut/Erth      11%        N/A       6%          2
e - Blink                 Tloc           26%        N/A       6%          2
f - Ice Form              Ice/Tmut       17%        N/A       24%         4

Your spell library contained the following spells:

 Spells                   Type           Power      Damage    Failure   Level
 Necrotise                Necr           16%        1d4       14%         1
 Ensorcelled Hibernation  Hex/Ice        16%        N/A       14%         2
 Frozen Ramparts          Ice            22%        1d4       17%         3
 Sublimation of Blood     Necr           4%         N/A       22%         2
 Conjure Flame            Conj/Fire      9%         6-21      24%         3
 Passage of Golubria      Tloc           13%        N/A       38%         4
 Tukima's Dance           Hex            4%         N/A       41%         3
 Vampiric Draining        Necr           4%         2d6       41%         3
 Summon Ice Beast         Ice/Summ       8%         N/A       65%         4
 Yara's Violent Unravell  Hex/Tmut       7%         3d5       73%         5
 Manifold Assault         Tloc           13%        N/A       75%         5
 Agony                    Necr           4%         N/A       99%         5
 Malign Gateway           Summ/Tloc      4%         N/A       100%        7
 Storm Form               Tmut/Air       10%        N/A       100%        7
 Summon Hydra             Summ           2%         N/A       100%        7
 Borgnjor's Revivificati  Necr           2%         N/A       100%        8
 Necromutation            Tmut/Necr      7%         N/A       100%        8
 Summon Horrible Things   Summ           2%         N/A       100%        8
 Death's Door             Necr           2%         N/A       100%        9


Dungeon Overview and Level Annotations

Branches:
Dungeon (11/15)            Temple (1/1) D:5            Lair (2/5) D:10
    Orc (0/2) D:11          Sewer (visited)
  Swamp: Lair:2-3    Shoals: Lair:2-3     Snake: Lair:2-3    Spider: Lair:2-3

Altars:
Ashenzari
Cheibriados
Dithmenos
Elyvilon
Fedhas
Gozag
Hepliaklqana
Kikubaaqudgha
Makhleb
Nemelex Xobeh
Okawaru
Qazlal
Ru
Sif Muna
Trog
Uskayaw
Vehumet
Wu Jian
Xom
Yredelemnul
Zin
The Shining One

Shops:
D:1 (   D:7 *   D:9 ((

Annotations:
D:7 1 runed translucent door, OstrichLN's ghost, novice TrGl


Message History

The +7 falchion of Jymyfopp {elec, Int+6} stops crackling.
The dungeon's light returns to normal.
You can no longer call upon Sif Muna to cast any spell from your library.
The catoblepas breathes a plume of calcifying dust at you.
The blast of calcifying dust hits you but does no damage.
The catoblepas breathes a plume of calcifying dust at you.
The blast of calcifying dust hits you.
You see here a yak corpse.
Aiming: Blinkbolt
Press: ? - help, Dir - move target You see nothing there to target!
You fail to use your ability.
The wolf misses you. The catoblepas completely misses you.
The wolf bites you but does no damage.
Unknown command.
Aiming: Blinkbolt
Press: ? - help, Dir - move target, f - catoblepas
Aim: a catoblepas (100% to hit)
The shock of your passage hits the catoblepas!!
The catoblepas is moderately wounded.
The wolf closely misses you. The catoblepas gores you!
* * * LOW HITPOINT WARNING * * *
The wolf bites you but does no damage.
As you read the scroll labelled LEGYETZ RAFFINT, it crumbles to dust.
Magic quickly surges around you.
It was a scroll of vulnerability.
The wolf closely misses you.
The catoblepas snuffles in challenge.
The catoblepas breathes a plume of calcifying dust at you.
The blast of calcifying dust hits you.
* * * LOW HITPOINT WARNING * * *
You feel better. The wolf misses you. The wolf bites you but does no damage.
The catoblepas gores you!!
* * * LOW HITPOINT WARNING * * *
Okay, then.
As you read the scroll of teleportation, it crumbles to dust.
You feel strangely unstable. The wolf completely misses you.
The catoblepas completely misses you. The wolf closely misses you.
You closely miss the wolf.
You buffet the plant!
The plant begins to die.
You hit the catoblepas but do no damage.
The wolf completely misses you. The catoblepas gores you!!
You die...

.............÷†......#
.#P#................##
####.)..P.####..##..#
# ##....#########..##
+...#........##.P#
#....#.......##.##
#...#).......#..#
#...#......Yh##.#
#....'######vP#.#
#....#≈≈≈≈≈#.##.##
#....##≈....###...#
##...##≈....###..##
......#≈....#....#
###..# ######'...##
### ###.## ###


You could see a catoblepas (weak-willed) and a wolf (weak-willed).

Vanquished Creatures
  A hydra (D:10)
  2 two-headed ogres (D:10)
  Nergalle (D:10)
  Sonja (D:11)
  Pikel (D:8)
  An ugly thing (D:10)
  Maurice (D:8)
  A manticore (D:11)
  Joseph (D:8)
  6 cane toads
  Psyche (D:11)
  9 komodo dragons (Lair:1)
  A rime drake (Lair:2)
  3 trolls
  Sigmund (D:3)
  A shadow (D:11)
  2 wyverns
  A wraith (D:11)
  30 yaks
  Grum (D:10)
  2 vampire mosquitoes
  2 acid dragons (D:10)
  4 water moccasins
  4 orc warriors
  An ice beast (D:7)
  2 black bears
  An ogre (D:7)
  3 wolves (D:10)
  4 centaurs
  A lemure (D:8)
  2 gnoll sergeants
  Blork the orc (D:5)
  9 bullfrogs
  3 necrophages
  6 kobold brigands
  5 scorpions
  5 killer bees (D:9)
  4 howler monkeys
  10 orc priests
  3 hounds
  5 jellies
  6 iguanas
  12 orc wizards
  16 gnolls
  13 adders
  4 white imps
  6 worms
  A dart slug (D:5)
  48 orcs
  5 bats
  7 endoplasms
  3 giant cockroaches
  8 goblins
  8 hobgoblins
  4 jackals (D:1)
  2 quokkas
  5 ball pythons
  3 frilled lizards
  36 kobolds
  10 rats
340 creatures vanquished.

Vanquished Creatures (others)
  2 fungi
  13 plants
15 creatures vanquished.

Grand Total: 355 creatures vanquished

Notes
Turn   | Place    | Note
-------+----------+-------------------------------------------
     0 | D:1      | wingedge the Human Wanderer began the quest for the Orb.
     0 | D:1      | wingedge set off with the following items: a +2
                  | quarterstaff, a +0 pair of boots, a potion of attraction, a
                  | +0 robe; and the following spell memorised: Shock; and the
                  | following spells available to memorise: Conjure Flame.
     0 | D:1      | Reached XP level 1. HP: 15/15 MP: 2/2
    29 | D:1      | Found a faded altar of an unknown god.
   210 | D:1      | Reached skill level 1 in Air Magic
   244 | D:1      | Reached XP level 2. HP: 18/21 MP: 0/3
   669 | D:1      | Found Coaqydo's Antique Weapon Emporium.
  1025 | D:1      | Reached XP level 3. HP: 26/26 MP: 2/5
  1714 | D:2      | Reached XP level 4. HP: 33/33 MP: 3/7
  2400 | D:3      | Noticed Sigmund
  2414 | D:3      | Killed Sigmund
  2415 | D:3      | Reached XP level 5. HP: 15/38 MP: 1/10
  2415 | D:3      | Reached XP level 6. HP: 18/44 MP: 1/11
  3568 | D:4      | Identified the amulet "Keimody" {Reflect rCorr MP-9 Str+5
                  | Int-3 SH+5}
  3589 | D:4      | Reached XP level 7. HP: 50/50 MP: 4/13
  4359 | D:4      | Reached skill level 1 in Transmutations
  4496 | D:4      | Learned a level 2 spell: Wereblood
  4685 | D:5      | Entered Level 5 of the Dungeon
  4766 | D:5      | Reached skill level 1 in Armour
  4906 | D:5      | Reached XP level 8. HP: 53/58 MP: 1/14
  4937 | D:5      | Noticed Blork the orc
  4946 | D:5      | Killed Blork the orc
  5003 | D:5      | Found a glowing drain.
  5020 | Sewer    | Entered a sewer
  5176 | Sewer    | Reached skill level 5 in Spellcasting
  5875 | D:1      | Bought a glowing long sword for 188 gold pieces
  5984 | D:5      | Found a staircase to the Ecumenical Temple.
  6066 | Temple   | Entered the Ecumenical Temple
  6439 | Temple   | Became a worshipper of Sif Muna the Loreminder
  6485 | D:5      | Reached skill level 1 in Long Blades
  7001 | D:6      | Reached skill level 2 in Long Blades
  7010 | D:6      | Reached skill level 3 in Long Blades
  7049 | D:6      | Reached XP level 9. HP: 46/64 MP: 2/16
  7061 | D:6      | Reached * piety under Sif Muna
  7774 | D:6      | Reached skill level 4 in Long Blades
  8463 | D:7      | Reached skill level 1 in Shields
  8551 | D:7      | Noticed a troll
  8569 | D:7      | Killed a troll
  8681 | D:7      | Found Gigguh's Gadget Gallery.
  8856 | D:7      | Reached ** piety under Sif Muna
  9008 | D:7      | Reached XP level 10. HP: 71/71 MP: 10/19
  9083 | D:7      | Found a runed translucent door.
  9085 | D:7      | Noticed OstrichLN's ghost (novice TrGl)
  9086 | D:7      | Noticed a deep elf pyromancer
  9648 | D:8      | Noticed Maurice
  9660 | D:8      | Killed Maurice
  9661 | D:8      | Reached skill level 5 in Long Blades
  9829 | D:8      | Reached skill level 5 in Transmutations
  9885 | D:8      | Noticed Joseph
  9905 | D:8      | Killed Joseph
  9906 | D:8      | Reached skill level 5 in Air Magic
 10303 | D:8      | Found a bloodstained altar of Trog.
 10591 | D:8      | Noticed Pikel
 10603 | D:8      | Killed Pikel
 10604 | D:8      | Reached skill level 5 in Fighting
 10612 | D:8      | You fall into a shaft and drop 1 floor!
 11161 | D:9      | Reached XP level 11. HP: 13/83 MP: 4/20
 11671 | D:9      | Found Ystife Ycio's Antique Weapon Boutique.
 11676 | D:9      | Bought a fine falchion for 232 gold pieces
 11676 | D:9      | Identified the +7 falchion of Jymyfopp {elec, Int+6} (You
                  | bought it in a shop on level 9 of the Dungeon)
 11682 | D:9      | Learned a level 3 spell: Swiftness
 11714 | D:9      | Found Isownov's Weapon Shop.
 11848 | D:9      | Reached skill level 6 in Long Blades
 11849 | D:9      | Reached *** piety under Sif Muna
 11973 | D:10     | Entered Level 10 of the Dungeon
 12057 | D:10     | Noticed Nergalle
 12072 | D:10     | Killed Nergalle
 12073 | D:10     | Reached skill level 7 in Long Blades
 12379 | D:10     | Reached skill level 8 in Long Blades
 12383 | D:10     | Noticed a four-headed hydra
 12398 | D:10     | Killed a 13-headed hydra
 12442 | D:10     | Noticed a red ugly thing
 12453 | D:10     | Killed a red ugly thing
 12459 | D:10     | Reached skill level 9 in Long Blades
 12639 | D:10     | Found an ornate altar of the Wu Jian Council.
 12727 | D:10     | Noticed Grum
 12750 | D:10     | Killed Grum
 13022 | D:10     | Noticed a two-headed ogre
 13030 | D:10     | Killed a two-headed ogre
 13031 | D:10     | Reached skill level 5 in Dodging
 13352 | D:10     | Found a staircase to the Lair.
 13357 | D:10     | Learned a level 2 spell: Passwall
 13361 | D:10     | Found a sacrificial altar of Ru.
 13766 | Lair:1   | Entered Level 1 of the Lair of Beasts
 13783 | Lair:1   | Reached skill level 1 in Ice Magic
 13851 | D:11     | Noticed Psyche
 13857 | D:11     | Noticed a two-headed ogre
 13861 | D:11     | Killed Psyche
 13862 | D:11     | Reached skill level 10 in Long Blades
 13862 | D:11     | Reached XP level 12. HP: 77/91 MP: 9/21
 14410 | D:10     | Killed a two-headed ogre
 15343 | D:11     | Reached **** piety under Sif Muna
 15538 | D:11     | Identified the +1 robe "Raageo Bugu" {Dex+7}
 15600 | D:11     | Reached skill level 5 in Armour
 15675 | D:11     | Noticed Sonja
 15695 | D:11     | Killed Sonja
 15859 | D:11     | Learned a level 2 spell: Blink
 16047 | D:11     | Found a staircase to the Orcish Mines.
 16319 | Lair:1   | Reached skill level 1 in Translocations
 17487 | Lair:1   | Reached XP level 13. HP: 69/101 MP: 8/22
 17911 | Lair:2   | Noticed an eight-headed hydra
 18317 | Lair:2   | Noticed a catoblepas
 18588 | Lair:2   | Learned a level 4 spell: Ice Form
 18743 | Lair:2   | HP: 4/103 [catoblepas (19)]
 18745 | Lair:2   | Demolished by a catoblepas

Illustrated notes

Levels and vault maps discovered:
D:1:      nzn_arrival_crosshair, layout_loops_corners,
          chequers_ecumenical_altar_twisty, serial_shops,
          nicolae_shop_competitors_out_of_business
D:2:      layout_loops_ring
D:3:      layout_loops_ring, grunt_ministairs_4, dreamdust_princess_corridor,
          minmay_fountain_box, uniq_sigmund
D:4:      layout_gridville, hangedman_decor_growths, kennysheep_generic_room_14
D:5:      layout_rooms, minmay_temple_entry_mist, cheibrodos_sewer_entry_bend,
          uniq_blork_the_orc
D:6:      cheibrodos_helix_gallery, layout_basic, item_on_display_a
D:7:      layout_basic, ebering_ghost_inner_flame, nicolae_shop_gadgets
D:8:      layout_basic, trog_hazing_becter, enter_bailey_1, uniq_pikel,
          uniq_maurice, uniq_joseph
D:9:      layout_roguey, serial_shops, shop, shop
D:10:     layout_stronghold, lair_entry_dummy, hangedman_feature_mirror,
          kennysheep_generic_room_4, uniq_grum, uniq_nergalle
D:11:     layout_long_grid, hiddenorc1_lemuel, uniq_sonja, uniq_psyche
Temple:   mainiacjoe_temple_circle_huts
Lair:1:   layout_cave_shapes, chequers_serial_rivers_small_a, grunt_megastairs_5
Lair:2:   nzn_winding_woodlands_medium [nzn_winding_woodlands_5x5_three,
          nzn_winding_woodlands_5x15_twine, nzn_winding_woodlands_5x5_default,
          nzn_winding_woodlands_5x5_closed_star,
          nzn_winding_woodlands_center_lodge,
          nzn_winding_woodlands_5x5_perimeter,
          nzn_winding_woodlands_5x5_checkerboard,
          nzn_winding_woodlands_5x15_eye, nzn_winding_woodlands_5x5_cross],
          layout_regular_city, minmay_shoals_entry_centaurs,
          cheibrodos_lair_caveside_slide, chequers_serial_rivers_room_a,
          minivault_26, dreamdust_wasp_nest

Skill      XL: |  1  2  3  4  5  6  7  8  9 10 11 12 13 |
---------------+----------------------------------------+-----
Air Magic      | 1 2 3 4 5 |  5.0
Spellcasting   | 2 3 4 5 6 |  6.0
Fighting       | 2 3 4 6 7 9 |  9.9
Dodging        | 2 3 4 5 7 |  7.0
Staves         | 3 |  3.0
Evocations     | 2 3 4 |  4.0
Transmutations | 1 4 6 |  6.4
Armour         | 2 4 5 |  5.0
Long Blades    | 3 4 5 10 | 10.0
Invocations    | 3 4 |  4.0
Shields        | 2 3 |  3.0
Conjurations   | 3 |  3.0
Ice Magic      | 1 2 |  2.3
Translocations | 3 |  3.0

Action                   |  1- 3 |  4- 6 |  7- 9 | 10-12 | 13-15 || total
-------------------------+-------+-------+-------+-------+-------++-------
Melee: Quarterstaff      |    21 |    12 |   125 |       |       ||   158
       Long sword        |       |       |   192 |   184 |       ||   376
       Falchion          |       |       |       |   331 |    34 ||   365
       Unarmed           |       |       |       |       |    12 ||    12
Throw: Dart              |       |     4 |     1 |     3 |       ||     8
       Throwing net      |       |       |     1 |     2 |       ||     3
 Cast: Shock             |    47 |    58 |   117 |    95 |    24 ||   341
       Wereblood         |       |       |    17 |    30 |     4 ||    51
       Swiftness         |       |       |       |     3 |       ||     3
       Blink             |       |       |       |     1 |       ||     1
       Ice Form          |       |       |       |       |     1 ||     1
       Storm Form        |       |       |       |       |     1 ||     1
Invok: Divine Exegesis   |       |       |       |       |     1 ||     1
 Abil: Blinkbolt         |       |       |       |       |     1 ||     1
Evoke: Wand              |       |       |     1 |    10 |       ||    11
  Use: Scroll            |       |     4 |     1 |     5 |     5 ||    15
       Potion            |       |       |       |     5 |     2 ||     7
 Stab: Paralysed         |       |       |     4 |    20 |       ||    24
       Held in net/web   |       |       |     2 |     1 |       ||     3
       Invisible         |       |       |       |     3 |       ||     3
Armor: Robe              |     5 |       |       |     6 |     4 ||    15
       Ring mail         |       |     6 |   133 |   146 |       ||   285
       Skin              |       |       |       |       |    11 ||    11
Dodge: Dodged            |    14 |     5 |   166 |   227 |    45 ||   457
Block: Other             |       |     1 |    70 |       |     4 ||    75
       Reflection        |       |       |     1 |     4 |     3 ||     8
       Buckler           |       |       |    27 |   272 |    18 ||   317

Table legend: (Time is in decaauts)
 A = Elapsed time spent in this place.
 B = Non-inter-level travel time spent in this place.
 C = Inter-level travel time spent in this place.
 D = Time resting spent in this place.
 E = Time spent auto-exploring this place.
 F = Levels seen in this place.
 G = Mean time per level.
                   A        B        C        D        E       F      G
               +--------+--------+--------+--------+--------+-----+--------+
         Total |  18913 |  17963 |    950 |   3027 |  11728 |  15 | 1260.9 |
       Dungeon |  15119 |  14238 |    881 |   2175 |   9559 |  11 | 1374.5 |
        Temple |    395 |    356 |     39 |      0 |    296 |   1 |  395.0 |
          Lair |   2535 |   2506 |     29 |    785 |   1303 |   2 | 1267.5 |
         Sewer |    863 |    863 |      0 |     67 |    569 |   1 |  863.0 |
               +--------+--------+--------+--------+--------+-----+--------+

Top non-repeatable levels by time:
    D:10: 2296 daAuts
  Lair:1: 1999 daAuts
    D:11: 1573 daAuts
     D:9: 1567 daAuts
     D:6: 1429 daAuts
     D:7: 1374 daAuts
     D:3: 1274 daAuts
     D:1: 1197 daAuts
     D:4: 1176 daAuts
     D:2: 1175 daAuts
     D:8: 1117 daAuts
     D:5: 937 daAuts
   Sewer: 863 daAuts
  Lair:2: 536 daAuts
  Temple: 395 daAuts
